 Dungeon Crawl Stone Soup version 0.23.0-3-gf3c87f2 (webtiles) character file.

Game seed: 17127239740020595854

121 Azzok the Chopper (level 4, -4/40 HPs)
             Began as a Deep Dwarf Fighter on Feb 22, 2019.
             Shot with an arrow by a centaur (7 damage)
             ... on level 2 of the Dungeon.
             The game lasted 00:01:48 (678 turns).

Azzok the Chopper (Deep Dwarf Fighter)               Turns: 678, Time: 00:01:49

Health: -4/40      AC:  9    Str: 21    XL:     4   Next: 77%
Magic:  4/4        EV:  5    Int:  8    God:
Gold:   58         SH:  9    Dex: 12    Spells: 3/3 levels left

rFire    . . .     SeeInvis .   a - +0 war axe
rCold    + . .     Gourm    .   c - +0 shield
rNeg     . . .     Faith    .   n - +0 chain mail
rPois    .         Spirit   .   (no helmet)
rElec    .         Reflect  .   (no cloak)
rCorr    +         Harm     .   (no gloves)
MR       .....                  (no boots)
Stlth    ..........             (no amulet)
HPRegen  0.00/turn              e - ring of resist corrosion
MPRegen  0.09/turn              m - ring of protection from cold

@: lethally poisoned (-4 -> -4), non-regenerating
A: damage resistance, heal wounds, sense surroundings 1, no regeneration
a: Heal Wounds


You were on level 2 of the Dungeon.
You were not hungry.

You visited 1 branch of the dungeon, and saw 2 of its levels.

You collected 58 gold pieces.

Inventory:

Hand Weapons
 a - a +0 war axe (weapon)
Missiles
 i - 4 javelins (quivered)
Armour
 c - a +0 shield (worn)
 n - a +0 chain mail (worn)
Jewellery
 e - a ring of resist corrosion (left hand)
 m - a ring of protection from cold (right hand)
Scrolls
 g - a scroll of enchant weapon {unknown}
 k - a scroll of teleportation {unknown}
 l - a scroll of enchant armour {unknown}
 o - a scroll of fear {unknown}
Potions
 b - a potion of brilliance {unknown}
 d - a potion of might
 j - a potion of heal wounds {unknown}
Comestibles
 f - 2 rations
 h - 2 chunks of flesh


   Skills:
 - Level 2.6 Fighting
 + Level 5.6 Axes
 - Level 3.2 Armour
 - Level 3.2 Shields


You had 3 spell levels left.
You didn't know any spells.
Your spell library was empty.

Dungeon Overview and Level Annotations

Branches:
Dungeon (2/15)

Altars:


Innate Abilities, Weirdness & Mutations

You are resistant to damage.
You can heal yourself by infusing magical energy.
You passively map a small area around you.
You do not regenerate.


Message History

A kobold is nearby!
A kobold is nearby!
A centaur comes into view.
The centaur shouts!
The centaur wields a +0 shortbow.
The centaur shoots an arrow.
You block the arrow. The kobold hits you but does no damage.
You are poisoned.
You see here an arrow.
The centaur shoots an arrow.
You block the arrow.
A shadow imp comes into view.
The kobold hits you but does no damage.
The centaur shoots an arrow.
The arrow hits you but does no damage.
You see here an arrow.
The shadow imp shouts, "Scamper home, thou worthless fault-botching nobody!"
You slash the kobold!
You kill the kobold!
The centaur shoots an arrow.
The arrow hits you!
* * * LOW HITPOINT WARNING * * *
The centaur shoots an arrow.
The arrow hits you!
You die...

░ ▒······▒·▒▒▒▒▒▒▒·▒
◦ ▒········▒▒·▒ ▒·▒
▒·····▒··▒▒·▒ ▒·▒
░▒▒▒▒▒▒·····▒··▒▒·▒
▒·▒
················>▒
▒·▒ ◦
············▒▒▒·▒
··· ▒▒▒··▒·▒···▒···▒
◦··· ▒··)((▒·▒·▒·▒·▒
◦◦ ░ ▒·!@··▒·▒···▒·▒
▒····)▒·▒▒··▒(▒◦◦
▒·····▒·▒▒··▒(▒ ◦
▒·····▒·▒▒▒·▒(▒ ░ ░
◦
▒·····▒·····▒(▒▒▒▒▒▒
░
▒·····▒▒▒▒▒·········
░
▒··c5·······)·)·····
▒····▒▒▒▒▒▒▒········
◦ ░ ▒········


You could see a centaur and a shadow imp.

Vanquished Creatures
  A sky beast (D:2)
  An ooze (D:1)
  A worm (D:2)
  A dart slug (D:1)
  A leopard gecko (D:2)
  2 bats (D:1)
  6 goblins (D:1)
  2 hobgoblins
  3 frilled lizards (D:1)
  3 kobolds (D:2)
  3 rats
24 creatures vanquished.

Notes
Turn   | Place    | Note
-------+----------+-------------------------------------------
     0 | D:1      | Azzok the Deep Dwarf Fighter began the quest for the Orb.
     0 | D:1      | Reached XP level 1. HP: 20/20 MP: 1/1
    52 | D:1      | Reached skill level 3 in Axes
    54 | D:1      | Reached XP level 2. HP: 21/27 MP: 2/2
   539 | D:2      | Reached XP level 3. HP: 21/33 MP: 3/3
   607 | D:2      | Noticed a sky beast
   622 | D:2      | Killed a sky beast
   622 | D:2      | Reached skill level 5 in Axes
   622 | D:2      | Reached XP level 4. HP: 13/40 MP: 4/4
   675 | D:2      | Noticed a centaur
   678 | D:2      | Shot with an arrow by a centaur

Skill      XL: |  1  2  3 |
---------------+----------+-----
Axes           | 3 5 |  5.6
Fighting       | |  2.6
Armour         | |  3.2
Shields        | |  3.2

Action                   |  1- 3 |  4- 6 || total
-------------------------+-------+-------++-------
Melee: War axe           |    73 |     4 ||    77
Armor: Scale mail        |    18 |       ||    18
       Chain mail        |    17 |     3 ||    20
Dodge: Dodged            |    18 |     1 ||    19
Block: Shield            |    42 |     7 ||    49
